 Dungeon Crawl Stone Soup version 0.23.0-38-g208d714 (webtiles) character file.

Game seed: 12833214406050654806

50 night the Insei (level 3, -1/26 HPs)
             Began as a Demonspawn Transmuter on Feb 27, 2019.
             Was a Believer of Uskayaw.
             Slain by an orc (4 damage)
             ... on level 2 of the Dungeon.
             The game lasted 00:03:21 (1919 turns).

night the Insei (Demonspawn Transmuter)             Turns: 1919, Time: 00:03:22

Health: -1/26      AC:  5    Str: 11    XL:     3   Next: 55%
Magic:  6/6        EV: 12    Int: 14    God:    Uskayaw [**....]
Gold:   113        SH:  0    Dex: 13    Spells: 5/6 levels left

rFire    . . .     SeeInvis .     - Unarmed
rCold    . . .     Gourm    .   (no shield)
rNeg     . . .     Faith    .   c - +1 robe (curse)
rPois    .         Spirit   .   (no helmet)
rElec    .         Reflect  .   (no cloak)
rCorr    .         Harm     .   (no gloves)
MR       .....                  (no boots)
Stlth    +.........             (no amulet)
HPRegen  0.08/turn              (no ring)
MPRegen  0.10/turn              (no ring)

@: lethally poisoned (-1 -> -5)
A: thin metallic scales 1, spiny 1
a: Stomp, Line Pass, Renounce Religion


You were on level 2 of the Dungeon.
You worshipped Uskayaw.
Uskayaw was noncommittal.
You were very hungry.

You visited 1 branch of the dungeon, and saw 2 of its levels.

You collected 113 gold pieces.

Inventory:

Missiles
 a - 27 arrows
 f - 64 stones (quivered)
 h - 14 bolts
Armour
 b - a +0 robe
 c - a cursed +1 robe (worn)
Scrolls
 g - a scroll of teleportation {unknown}
Potions
 e - 2 potions of agility {unknown}
 i - a potion of degeneration {unknown}
Comestibles
 d - 6 rations


   Skills:
 - Level 1.0 Fighting
 - Level 1.7 Dodging
 + Level 4.2 Unarmed Combat
 - Level 2.0 Spellcasting
 - Level 1.7 Transmutations


You had 5 spell levels left.
You knew the following spells:

 Your Spells              Type           Power        Failure   Level  Hunger
a - Beastly Appendage     Tmut           #.....       12%         1    ##.....

Your spell library contained the following spells:

 Spells                   Type           Power        Failure   Level  Hunger
 Sticks to Snakes         Tmut           #.......     17%         2    ###....
 Spider Form              Tmut/Pois      #.........   45%         3    ####...
 Ice Form                 Ice/Tmut       #.......     86%         4    #####..
 Blade Hands              Tmut           #.........   97%         5    ######.


Dungeon Overview and Level Annotations

Branches:
Dungeon (2/15)

Altars:
Uskayaw


Innate Abilities, Weirdness & Mutations

You are partially covered in thin metallic scales. (AC +2)
You are partially covered in sharp spines.


Message History

The orc priest shouts!
You hit the orc.
The orc is heavily wounded.
The orc is struck by your spines.
You kill the orc!
You can now pass through a line of other dancers.
You feel sick.
The orc priest casts a cantrip, but nothing happens.
Items here: ( ) [ † a +0 hand axe; 2 tomahawks; a +0 leather armour; an orc corpse You hit the orc priest but do no damage.
The orc priest misses you.
You hit the orc priest but do no damage.
The orc is struck by your spines. The orc hits you but does no damage.
The orc priest calls down the wrath of Beogh upon you.
Beogh smites you!
Ouch! That really hurt!
* * * LOW HITPOINT WARNING * * *
The orc hits you.
You die...

....###.# ## ...
..8..##.# ..#..
...o.o#.## #.#<.
....o⌠#..# #....
.....o#..# #....
..8..##..##### #...o
....###......#
#...o#########........
#...o@)..)...(.......#
#....oo..##....#.#####
#..########....#.# #.
#....#.# # #......#
#....#.#
########......#####
#...(.)..#.........
#.#####..##...####.


You could see 3 orc priests and 2 orcs.

Vanquished Creatures
  An adder (D:2)
  2 worms (D:2)
  A dart slug (D:2)
  A leopard gecko (D:2)
  3 orcs (D:2)
  2 ball pythons
  2 bats (D:1)
  2 goblins (D:1)
  3 hobgoblins (D:1)
  4 jackals (D:2)
  A kobold (D:2)
  2 frilled lizards
  5 rats
29 creatures vanquished.

Notes
Turn   | Place    | Note
-------+----------+-------------------------------------------
     0 | D:1      | night the Demonspawn Transmuter began the quest for the
                  | Orb.
     0 | D:1      | Reached XP level 1. HP: 15/15 MP: 3/3
    91 | D:1      | Reached skill level 3 in Unarmed Combat
   522 | D:1      | Gained mutation: You are partially covered in sharp spines.
                  | [demonic ancestry]
   522 | D:1      | Reached XP level 2. HP: 21/21 MP: 5/5
  1104 | D:2      | Found a hide-covered altar of Uskayaw.
  1585 | D:2      | Gained mutation: You are partially covered in thin metallic
                  | scales. (AC +2) [demonic ancestry]
  1585 | D:2      | Reached XP level 3. HP: 9/26 MP: 6/6
  1600 | D:2      | Reached skill level 4 in Unarmed Combat
  1807 | D:2      | Became a worshipper of Uskayaw the Reveler
  1869 | D:2      | Reached * piety under Uskayaw
  1874 | D:2      | Reached ** piety under Uskayaw
  1919 | D:2      | Slain by an orc

Skill      XL: |  1  2  3 |
---------------+----------+-----
Unarmed Combat | 3 4 |  4.2
Fighting       | |  1.0
Dodging        | |  1.7
Spellcasting   | |  2.0
Transmutations | |  1.7

Action                   || total
-------------------------++-------
Melee: Unarmed           ||   105
       Punch             ||     2
 Cast: Beastly Appendage ||     1
  Use: Scroll            ||     2
 Stab: Sleeping          ||     1
  Eat: Chunk             ||     2
Armor: Robe              ||    21
Dodge: Dodged            ||    49
